 Dungeon Crawl Stone Soup version 0.29-a0-791-ga0f254aafb (webtiles) character file.

Game seed: 15087465686624526960

84 Malachi the Trooper (level 4, -10/38 HPs)
             Began as a Demonspawn Brigand on July 3, 2022.
             Was an Initiate of Gozag.
             Mangled by Natasha (12 damage)
             ... on level 2 of the Dungeon.
             The game lasted 00:03:20 (2111 turns).

Malachi the Trooper (Demonspawn Brigand)            Turns: 2111, Time: 00:03:21

Health: -10/38     AC:  3    Str: 11    XL:     4   Next: 23%
Magic:  4/4        EV: 11    Int: 18    God:    Gozag
Gold:   313        SH:  0    Dex: 17    Spells: 3/3 levels left

rFire   + . .      SeeInvis .   a - +2 dagger
rCold   + . .      Faith    .   (no shield)
rNeg    . . .      Spirit   .   b - +0 robe
rPois   +          Reflect  .   (no helmet)
rElec   +          Harm     .   c - +0 cloak
rCorr   +          Rampage  .   (no gloves)
Will    .....                   (no boots)
Stlth   +++.......              (no amulet)
HPRegen 0.12/turn               m - +6 ring of intelligence
MPRegen 0.18/turn               (no ring)

@: resistant, slowed, very slow
A: magic regeneration, demonic magic 1
a: Renounce Religion, Potion Petition, Call Merchant, Bribe Branch


You were on level 2 of the Dungeon.
You worshipped Gozag.
Gozag was aware of your devotion.
You visited 1 branch of the dungeon, and saw 2 of its levels.

You collected 313 gold pieces.

Inventory:

Hand Weapons
 a - a +2 dagger (weapon)
Missiles
 d - 9 poisoned darts (quivered)
 e - 3 curare-tipped darts
 f - 7 boomerangs
Armour
 b - a +0 robe (worn)
 c - a +0 cloak (worn)
Jewellery
 m - a +6 ring of intelligence (left hand)
Wands
 r - a wand of mindburst (15)
Scrolls
 g - a scroll of enchant weapon {unknown}
 i - 3 scrolls of teleportation {unknown}
 l - a scroll of blinking {unknown}
 n - a scroll of vulnerability {unknown}
 p - a scroll of amnesia {unknown}
 q - a scroll of enchant armour {unknown}
 s - a scroll of fear {unknown}
Potions
 k - a potion of brilliance {unknown}
 o - a potion of degeneration {unknown}
 t - a potion of invisibility {unknown}
 u - 2 potions of mutation {unknown}


   Skills:
 * Level 4.5 Fighting
 - Level 1.7 Short Blades
 - Level 1.7 Throwing
 - Level 0.8 Dodging
 - Level 3.6 Stealth


You had 3 spell levels left.
You didn't know any spells.
Your spell library contained the following spells:

 Spells                   Type           Power      Damage    Failure   Level
 Beastly Appendage        Tmut           0%         N/A       22%         1
 Slow                     Hex            0%         N/A       22%         1
 Wereblood                Tmut           0%         N/A       32%         2
 Confusing Touch          Hex            0%         N/A       54%         3
 Conjure Flame            Conj/Fire      0%         6-21      54%         3
 Dazzling Flash           Conj/Hex       0%         N/A       54%         3
 Ignite Poison            Fire/Tmut/Pois 0%         N/A       54%         3
 Spider Form              Tmut/Pois      0%         N/A       54%         3
 Vampiric Draining        Necr           0%         2d6       54%         3
 Sticky Flame             Conj/Fire      0%         2d3       91%         4
 Agony                    Necr           0%         N/A       99%         5
 Silence                  Hex/Air        0%         N/A       99%         5


Dungeon Overview and Level Annotations

Branches:
Dungeon (2/15)

Altars:
Gozag
Xom

Annotations:
D:2 Natasha


Innate Abilities, Weirdness & Mutations

You regenerate magic rapidly.
Spells you cast may paralyse adjacent enemies.


Message History

It was a potion of ambrosia.
You are confused.
You feel invigorated. The crimson imp hits you.
Natasha claws you but does no damage.
The crimson imp hits you but does no damage.
You hit Natasha.
Natasha is severely wounded.
Natasha casts a spell at you.
You feel as though you will be slow longer.
The crimson imp barely misses you. Natasha casts a spell at you.
The magic dart hits you!
* * * LOW HITPOINT WARNING * * *
You hit the crimson imp.
The crimson imp is lightly wounded.
The crimson imp hits you but does no damage.
Natasha barely misses you. The crimson imp closely misses you.
Natasha claws you but does no damage. Natasha claws you.
You're too confused to move!
You feel less invigorated.
You feel less confused.
The crimson imp shouts, "Despair, thou clouted idle-headed nobody!"
The crimson imp hits you. Natasha claws you!
The crimson imp hits you but does no damage.
You hit Natasha but do no damage.
Natasha is severely wounded.
Natasha barely misses you. The crimson imp hits you.
* * * LOW HITPOINT WARNING * * *
You hit Natasha.
Natasha is almost dead.
Natasha claws you.
* * * LOW HITPOINT WARNING * * *
The crimson imp barely misses you.
Natasha stares at you and mumbles some strange words.
The magic dart hits you.
* * * LOW HITPOINT WARNING * * *
It was a potion of resistance.
You feel protected.
The crimson imp blinks!
Natasha claws you!
You die...
Your body crumbles into a pile of gold.

###...<...#[......)..............
.##.......##.##..................
.....................<...........
.#####..####.##..5..####.........
..###...###...........##.........
......................>#.........
.....##..........................
...>..##........h.....)...#.#....
................@ยง.........
...........................
........#..................
.....#.[...................
.....##...)................
.....##.#..................
#######.#...............[..
........).....<...
#.#.####.#........


You could see Natasha (strong) and a crimson imp (summoned).

Vanquished Creatures
  Natasha (D:2)
  A worm (D:2)
  3 dart slugs
  2 ball pythons (D:1)
  4 bats
  6 endoplasms
  2 giant cockroaches (D:1)
  4 goblins
  A hobgoblin (D:1)
  5 jackals
  3 kobolds
  5 quokkas
  3 frilled lizards (D:1)
  4 rats
44 creatures vanquished.

Vanquished Creatures (others)
  2 plants
2 creatures vanquished.

Grand Total: 46 creatures vanquished

Notes
Turn   | Place    | Note
-------+----------+-------------------------------------------
     0 | D:1      | Malachi the Demonspawn Brigand began the quest for the Orb.
     0 | D:1      | Reached XP level 1. HP: 16/16 MP: 1/1
   190 | D:1      | Gained mutation: You regenerate magic rapidly. [demonic
                  | ancestry]
   190 | D:1      | Reached XP level 2. HP: 14/23 MP: 2/2
   418 | D:1      | Reached skill level 3 in Fighting
   868 | D:1      | Found a faded altar of an unknown god.
   917 | D:1      | Prayed at the altar of an unknown god.
   917 | D:1      | Became a worshipper of Gozag Ym Sagoz the Greedy
  1050 | D:1      | Gained mutation: Spells you cast may paralyse adjacent
                  | enemies. [demonic ancestry]
  1050 | D:1      | Reached XP level 3. HP: 29/29 MP: 3/3
  1539 | D:2      | Reached skill level 4 in Fighting
  1823 | D:2      | Found a shimmering altar of Xom.
  1902 | D:2      | Noticed Natasha
  1914 | D:2      | Killed Natasha
  1915 | D:2      | Reached XP level 4. HP: 22/38 MP: 4/4
  2064 | D:2      | Noticed Natasha
  2111 | D:2      | Mangled by Natasha

Illustrated notes

Levels and vault maps discovered:
D:1:      eino_arrival_druids_welcome, layout_loops_ring,
          ebering_ecumenical_altar_box
D:2:      cheibrodos_old_hovel, layout_rooms, basic_altar, uniq_natasha

Skill      XL: |  1  2  3 |
---------------+----------+-----
Fighting       | 3 4 |  4.5
Short Blades   | |  1.7
Throwing       | |  1.7
Dodging        | |  0.8
Stealth        | |  3.6

Action                   |  1- 3 |  4- 6 || total
-------------------------+-------+-------++-------
Melee: Dagger            |   151 |    19 ||   170
  Use: Potion            |       |     2 ||     2
 Stab: Sleeping          |     9 |       ||     9
Armor: Robe              |    37 |     7 ||    44
Dodge: Dodged            |    75 |    10 ||    85

Table legend: (Time is in decaauts)
 A = Elapsed time spent in this place.
 B = Non-inter-level travel time spent in this place.
 C = Inter-level travel time spent in this place.
 D = Time resting spent in this place.
 E = Time spent auto-exploring this place.
 F = Levels seen in this place.
 G = Mean time per level.
                   A        B        C        D        E       F      G
               +--------+--------+--------+--------+--------+-----+--------+
         Total |   2102 |   2087 |     15 |    748 |    837 |   2 | 1051.0 |
       Dungeon |   2102 |   2087 |     15 |    748 |    837 |   2 | 1051.0 |
               +--------+--------+--------+--------+--------+-----+--------+

Top non-repeatable levels by time:
     D:1: 1446 daAuts
     D:2: 656 daAuts
